 Dungeon Crawl Stone Soup version 0.21.1-1-g345015fe64 (webtiles) character file.

2783 KingHarkinian the Chopper (level 9, -3/71 HPs)
             Began as a Demonspawn Gladiator on Apr 16, 2018.
             Was a Follower of Makhleb.
             Killed from afar by a gargoyle (15 damage)
             ... with a stone arrow
             ... on level 7 of the Dungeon.
             The game lasted 00:31:18 (8490 turns).

KingHarkinian the Chopper (Demonspawn Gladiator)    Turns: 8490, Time: 00:31:19

Health: -3/71      AC: 11    Str: 16    XL:     9   Next: 43%
Magic:  9/9        EV: 12    Int: 10    God:    Makhleb [*.....]
Gold:   318        SH:  0    Dex: 18    Spells: 8/8 levels left

rFire    + + .     SeeInvis .   a - +1 war axe
rCold    + . .     Gourm    .   (no shield)
rNeg     . . .     Faith    +   k - +0 scale mail
rPois    .         Spirit   .   (no helmet)
rElec    .         Reflect  .   h - scarf {rC+ rF+}
rCorr    .         Harm     .   t - +0 pair of gloves
MR       +....                  d - +2 pair of boots
Stlth    +.........             y - amulet of faith
HPRegen  0.21/turn              f - ring of protection from fire
MPRegen  0.11/turn              m - ring of protection from magic

@: no status effects
A: talons 1, thin skeletal structure 1, agile 1, powered by death 2, weak 1, no
potion heal 1
a: Renounce Religion


You were on level 7 of the Dungeon.
You worshipped Makhleb.
Makhleb was aware of your devotion.
You were full.

You visited 2 branches of the dungeon, and saw 8 of its levels.
You also visited: Sewer and Ossuary.

You collected 318 gold pieces.


Innate Abilities, Weirdness & Mutations

You have sharp toenails.
You have a somewhat thin skeletal structure. (Dex +2, Stealth)
You regenerate health from kills.
You are agile. (Dex +2)
You are weak. (Str -2)
Potions are less effective at restoring your health.


   Skills:
 * Level 6.8 Fighting
 * Level 7.8 Axes
 + Level 4.5 Throwing
 + Level 3.8 Armour
 + Level 5.0 Dodging


You had 8 spell levels left.
You didn't know any spells.

Inventory:

Hand Weapons
 a - a +1 war axe (weapon)
 E - a +3 quarterstaff of chaos
Missiles
 e - 180 stones (quivered)
 Z - 3 throwing nets {=f}
Armour
 c - a +0 helmet
 d - a +2 pair of boots (worn)
 h - a scarf of resistance (worn)
 k - a +0 scale mail (worn)
 t - a +0 pair of gloves (worn)
 A - a +1 cloak
Jewellery
 f - a ring of protection from fire (left hand)
 m - a ring of protection from magic (right hand)
 n - an uncursed amulet of rage
 v - an uncursed amulet of the gourmand
 y - an amulet of faith (around neck)
Wands
 x - a wand of polymorph (4)
Scrolls
 i - a scroll of enchant armour
 B - a scroll of blinking
 N - 3 scrolls of remove curse
 R - 6 scrolls of identify {@r1}
 T - 4 scrolls of teleportation {@r4}
Potions
 b - 2 potions of ambrosia
 j - a potion of lignification {unknown}
 l - 2 potions of flight
 o - a potion of magic {unknown}
 q - 3 potions of agility
 r - a potion of cancellation {unknown}
 s - a potion of heal wounds {unknown}
 u - a potion of might {unknown}
 H - 2 potions of haste {@q3}
 Q - 5 potions of curing {@q1}
Books
 w - a book of Minor Magic

   Spells                             Type                      Level
   a - Magic Dart                     Conjuration                  1
   b - Blink                          Translocation                2
   c - Call Imp                       Summoning                    2
   d - Slow                           Hexes                        2
   e - Conjure Flame                  Conjuration/Fire             3
   f - Mephitic Cloud                 Conjuration/Poison/Air       3
Comestibles
 g - 7 chunks of flesh
 z - 12 rations

Dungeon Overview and Level Annotations

Branches:
Dungeon (7/15)             Temple (1/1) D:5

Altars:
Ashenzari
Cheibriados
Dithmenos
Elyvilon
Fedhas
Gozag
Hepliaklqana
Kikubaaqudgha
Makhleb
Nemelex Xobeh
Okawaru
Qazlal
Ru
Trog
Uskayaw
Vehumet
Wu Jian
Xom
Zin
The Shining One

Shops:
D:4 [   D:6 *

Annotations:
D:5 1 runed door

############
#..........#################
##.####.........@...9..(((.((.
...###...#...#################.
##............## ####.##
#.###...#.....####### #.......
#.# ##..............# #.......
##.####.###....#####.#####.......
.#.)....###.....# #.............
.#.....(........# #.............
.#.##.#.#.......## #.#####.......


You could see a gargoyle.


Message History

The stone arrow hits you!
* * * LOW HITPOINT WARNING * * *
You are too injured to fight recklessly!
You hit the gargoyle but do no damage.
The gargoyle is lightly damaged.
The gargoyle barely misses you.
You hit the gargoyle but do no damage.
The gargoyle is lightly damaged.
The gargoyle hurls a stone arrow at you.
The stone arrow misses you.
You hit the gargoyle.
The gargoyle is lightly damaged.
The gargoyle hits you but does no damage.
You slash the gargoyle!
The gargoyle is moderately damaged.
The gargoyle hurls a stone arrow at you.
The stone arrow hits you!
* * * LOW HITPOINT WARNING * * *
You hit the gargoyle but do no damage.
The gargoyle is moderately damaged.
The gargoyle hits you but does no damage.
Okay, then.
The gargoyle hurls a stone arrow at you.
The stone arrow misses you.
The gargoyle hurls a stone arrow at you.
The stone arrow hits you!
* * * LOW HITPOINT WARNING * * *
The gargoyle hurls a stone arrow at you.
The stone arrow hits you!
You die...

Action                   |  1- 3 |  4- 6 |  7- 9 || total
-------------------------+-------+-------+-------++-------
Melee: War axe           |    58 |   318 |   382 ||   758
Throw: Stone             |    90 |   114 |   158 ||   362
  Use: Scroll            |       |     2 |     9 ||    11
       Potion            |       |       |     6 ||     6
  Eat: Chunk             |     2 |     6 |    19 ||    27
       Ration            |       |     1 |       ||     1
Armor: Scale mail        |    29 |   121 |   188 ||   338
       Leather armour    |     3 |       |       ||     3
Dodge: Dodged            |    38 |   161 |   222 ||   421

Vault maps used:
D:1:      dpeg_arrival_arbitrary_a
D:2:      nicolae_ru_path_of_blood, old_standard_altar, vehumet_crystals,
          cheibriados_altar_1, serial_glass, glass_columns_a, glass_columns_a,
          glass_columns_b, glass_columns_a, glass_columns_a,
          minmay_misc_feat_pillars, interstate_on_off, kennysheep_flooded_box,
          minmay_misc_feat_four_crosses
D:3:      nicolae_ashenzari_panopticon, lemuel_blue_sif_altar
D:4:      nicolae_overflow_crystal_walls, lemuel_doored_altar, fedhas_altar_4,
          serial_shops, shop, gup_ossuary_entry_pyramid, first_ration
D:5:      dancing_weapons_uskayaw, minmay_temple_entry_statues_fountains,
          gup_sewer_entry_glass, lightli_church_of_beogh
D:6:      kennysheep_mini, zin_purify, uniq_crazy_yiuf_cottage, uniq_sigmund,
          uniq_pikel
D:7:      yredelemnul_forgotten_temple_becter, serial_glass, glass_columns_a,
          glass_columns_b, feat_on_display, item_on_display_a
Temple:   dpeg_three_leaves_temple
Sewer:    sewer_kobolds
Ossuary:  ossuary_zaba_two_paths

Notes
Turn   | Place    | Note
-------+----------+-------------------------------------------
     0 | D:1      | KingHarkinian the Demonspawn Gladiator began the quest for the Orb.
     0 | D:1      | Reached XP level 1. HP: 16/16 MP: 1/1
   324 | D:1      | Reached skill level 3 in Axes
   324 | D:1      | Gained mutation: You have a somewhat thin skeletal structure. (Dex +2, Stealth) [demonic ancestry]
   324 | D:1      | Reached XP level 2. HP: 13/22 MP: 2/2
  1054 | D:2      | Gained mutation: You regenerate a little health from kills. [demonic ancestry]
  1054 | D:2      | Reached XP level 3. HP: 27/27 MP: 3/3
  1066 | D:2      | Found a stormy altar of Qazlal.
  1330 | D:2      | Reached skill level 4 in Axes
  1425 | D:2      | Reached XP level 4. HP: 31/33 MP: 4/4
  1552 | D:2      | Found a snail-covered altar of Cheibriados.
  2078 | D:2      | Found a radiant altar of Vehumet.
  2181 | D:2      | Found a snail-covered altar of Cheibriados.
  2387 | D:2      | Found a sacrificial altar of Ru.
  2632 | D:3      | Found a shattered altar of Ashenzari.
  2809 | D:3      | Reached skill level 5 in Axes
  2845 | D:3      | Reached skill level 2 in Throwing
  2927 | D:3      | Gained mutation: You have sharp toenails. [demonic ancestry]
  2927 | D:3      | Reached XP level 5. HP: 31/38 MP: 5/5
  3216 | D:3      | Noticed a sky beast
  3259 | D:3      | Killed a sky beast
  3259 | D:3      | Reached skill level 3 in Dodging
  3362 | D:4      | Found a sand-covered staircase.
  3372 | Ossuary  | Entered an ossuary
  3534 | Ossuary  | Reached XP level 6. HP: 46/46 MP: 6/6
  3609 | Ossuary  | Reached skill level 3 in Fighting
  3626 | Ossuary  | Reached skill level 1 in Armour
  4003 | D:4      | Found a blossoming altar of Fedhas.
  4053 | D:4      | Found Feixkid's Antique Armour Emporium.
  4174 | D:4      | Gained mutation: You regenerate health from kills. [demonic ancestry]
  4174 | D:4      | Reached XP level 7. HP: 52/52 MP: 7/7
  4321 | D:4      | Found a white marble altar of Elyvilon.
  4359 | D:4      | Reached skill level 4 in Fighting
  4359 | D:4      | Reached skill level 3 in Throwing
  4448 | D:4      | Found a glowing golden altar of the Shining One.
  4893 | D:5      | Entered Level 5 of the Dungeon
  4951 | D:5      | Reached skill level 6 in Axes
  4951 | D:5      | Reached skill level 2 in Armour
  4987 | D:5      | Found a glowing drain.
  5000 | Sewer    | Entered a sewer
  5202 | Sewer    | Found a white marble altar of Elyvilon.
  5316 | D:5      | Noticed a hand axe
  5317 | D:5      | Noticed a hand axe
  5317 | D:5      | Found a hide-covered altar of Uskayaw.
  5552 | D:5      | Found a staircase to the Ecumenical Temple.
  5575 | Temple   | Entered the Ecumenical Temple
  5639 | Temple   | Became a worshipper of Makhleb the Destroyer
  5700 | D:5      | Reached XP level 8. HP: 23/61 MP: 8/8
  5881 | D:5      | Found a runed door.
  6368 | D:5      | Reached skill level 5 in Fighting
  6368 | D:5      | Reached skill level 4 in Dodging
  6486 | D:6      | Noticed Pikel
  6701 | D:5      | Killed Pikel
  6701 | D:5      | Reached skill level 7 in Axes
  6701 | D:5      | Reached skill level 3 in Armour
  7002 | D:6      | Found a runed door.
  7050 | D:6      | Reached skill level 4 in Throwing
  7144 | D:6      | Reached skill level 6 in Fighting
  7211 | D:6      | Reached XP level 9. HP: 51/69 MP: 9/9
  7320 | D:6      | Noticed Sigmund
  7333 | D:6      | Killed Sigmund
  7372 | D:6      | Found Zin's Purification Station.
  7374 | D:6      | Found a glowing silver altar of Zin.
  7492 | D:6      | Found a hazy altar of Hepliaklqana.
  7788 | D:6      | Noticed Crazy Yiuf
  7793 | D:6      | Killed Crazy Yiuf
  7894 | D:7      | Gained mutation: You are weak. (Str -2) [potion of mutation]
  7894 | D:7      | Gained mutation: Your spells are a little harder to cast, but a little more powerful. [potion of mutation]
  7894 | D:7      | Gained mutation: You have a pair of small antennae on your head. [potion of mutation]
  7895 | D:7      | Lost mutation: Your spells are a little harder to cast, but a little more powerful. [potion of mutation]
  7895 | D:7      | Lost mutation: You have a pair of small antennae on your head. [potion of mutation]
  7895 | D:7      | Gained mutation: Potions are less effective at restoring your health. [potion of mutation]
  7895 | D:7      | Gained mutation: You are agile. (Dex +2) [potion of mutation]
  8115 | D:7      | Identified a scarf of resistance (You found it on level 7 of the Dungeon)
  8198 | D:7      | Reached * piety under Makhleb
  8346 | D:7      | Reached skill level 5 in Dodging
  8470 | D:7      | Noticed a gargoyle
  8490 | D:7      | Killed from afar by a gargoyle

Vanquished Creatures
  Pikel (D:5)
  Sigmund (D:6)
  A black bear (D:6)
  A slave (D:5)
  2 sky beasts
  4 ogres
  An ice beast (D:6)
  3 centaurs
  A big kobold (Sewer)
  2 bullfrogs
  3 scorpions
  A water moccasin skeleton (D:4)
  A howler monkey (D:5)
  A crimson imp (D:7)
  2 jellies
  3 hounds
  Crazy Yiuf (D:6)
  A bullfrog skeleton (D:4)
  6 worker ants
  6 big kobold zombies (Ossuary)
  3 hound skeletons (D:4)
  2 mummies
  9 adders
  2 river rats (Sewer)
  A shadow imp (D:6)
  2 adder zombies (D:7)
  An adder skeleton (D:4)
  4 dart slugs
  3 worms
  5 leopard geckos
  6 orcs
  A spectral bat (Ossuary)
  11 bats
  12 giant cockroaches
  6 gnoll zombies (Ossuary)
  3 goblins
  4 hobgoblins
  8 jackals
  2 quokkas
  4 ball pythons
  A bat simulacrum (Ossuary)
  9 frilled lizards
  A goblin simulacrum (Ossuary)
  3 goblin zombies (Ossuary)
  7 hobgoblin zombies (Ossuary)
  9 kobolds
  5 kobold simulacra (Ossuary)
  4 kobold zombies (Ossuary)
  2 leopard gecko skeletons
  A leopard gecko zombie (D:5)
  4 orc zombies (Ossuary)
  3 quokka skeletons
  4 rats
  2 spectral goblins (Ossuary)
  3 spectral kobolds (Ossuary)
  5 spectral rats (Ossuary)
194 creatures vanquished.

Vanquished Creatures (others)
  A worker ant (D:6)
  A leopard gecko skeleton (D:6)
2 creatures vanquished.

Grand Total: 196 creatures vanquished
